 Dungeon Crawl Stone Soup version 0.30.1-11-g7821555f0a (webtiles) character file.

Game seed: 16443849948419173886

26 rumournova the Chucker (level 3, 0/28 HPs)
             Began as a Gnoll Wanderer on Nov 18, 2023.
             Was a High Priest of Ignis.
             Slain by a jackal (2 damage)
             ... on level 1 of the Dungeon.
             The game lasted 00:05:23 (602 turns).

rumournova the Chucker (Gnoll Wanderer)              Turns: 602, Time: 00:05:24

Health: 0/28       AC:  2    Str:  7    XL:     3   Next: 8%
Magic:  7/7        EV: 11    Int: 11    God:    Ignis [*****.]
Gold:   39         SH:  0    Dex: 17    Spells: 7/7 levels left

rFire   + . .        c - +0 dagger
rCold   . . .        (no shield)
rNeg    . . .        e - +0 robe
rPois   .            (no helmet)
rElec   .            (no cloak)
rCorr   .            (no gloves)
SInv    .            (no boots)
Will    .....        (no amulet)
Stlth   ++           (no ring)
HPRegen 0.24/turn    (no ring)
MPRegen 0.10/turn

%: no passive effects
@: no status effects
A: fangs 1, strong nose, distributed training
a: Renounce Religion, Fiery Armour, Foxfire Swarm, Rising Flame


You were on level 1 of the Dungeon.
You worshipped Ignis.
Ignis was extremely pleased with you.
You visited 1 branch of the dungeon, and saw 1 of its levels.

You collected 39 gold pieces.

Inventory:

Hand Weapons
 c - a +0 dagger (weapon)
Missiles
 b - 8 boomerangs (quivered)
 k - a throwing net
Armour
 e - a +0 robe (worn)
Scrolls
 f - a scroll of blinking {unknown}
 g - a scroll of enchant weapon {unknown}
 j - a scroll of identify {unknown}
Potions
 a - a potion of brilliance {unknown}
 h - a potion of attraction {unknown}
 i - a potion of curing {unknown}


   Skills:
 + Level 2.5 Fighting
 + Level 0.6 Short Blades
 + Level 0.6 Long Blades
 + Level 0.6 Axes
 + Level 0.6 Maces & Flails
 + Level 0.6 Polearms
 + Level 0.6 Staves
 + Level 2.5 Ranged Weapons
 + Level 4.5 Throwing
 + Level 2.5 Armour
 + Level 0.6 Dodging
 + Level 0.6 Stealth
 + Level 0.6 Shields
 + Level 0.6 Unarmed Combat
 + Level 2.8 Spellcasting
 + Level 3.7 Conjurations
 + Level 0.4 Hexes
 + Level 0.4 Summonings
 + Level 0.4 Necromancy
 + Level 0.4 Translocations
 + Level 0.4 Transmutations
 + Level 0.4 Fire Magic
 + Level 0.4 Ice Magic
 + Level 0.4 Air Magic
 + Level 0.4 Earth Magic
 + Level 0.4 Poison Magic
 + Level 2.6 Invocations
 + Level 2.5 Evocations


You had 7 spell levels left.
You didn't know any spells.
Your spell library contained the following spells:

 Spells                   Type           Power      Damage    Failure   Level
 Magic Dart               Conj           36%        1d4       6%          1
 Shock                    Conj/Air       24%        1d4       12%         1
 Cigotuvi's Dreadful Rot  Necr/Pois/Air  4%         N/A       32%         2
 Call Canine Familiar     Summ           2%         N/A       54%         3
 Ignite Poison            Fire/Tmut/Pois 2%         N/A       54%         3
 Iskenderun's Mystic Bla  Conj/Tloc      6%         2d4       75%         4
 Summon Ice Beast         Ice/Summ       2%         N/A       91%         4
 Summon Lightning Spire   Summ/Air       2%         N/A       91%         4
 Freezing Cloud           Conj/Ice/Air   2%         6-21      98%         5
 Dragon's Call            Summ           1%         N/A       100%        9


Dungeon Overview and Level Annotations

Branches:
Dungeon (1/15)

Altars:
Ignis


Innate Abilities, Weirdness & Mutations

You have very sharp teeth.
Your uncanny sense of smell can sniff out nearby items.
Your experience applies equally to all skills.


Message History

You hit the jackal.
The jackal is lightly wounded.
The jackal closely misses you.
You closely miss the jackal.
The jackal is lightly wounded.
The jackal misses you. The jackal barely misses you.
You closely miss the jackal. Your bite misses the jackal.
The jackal is lightly wounded.
The jackal barely misses you.
You closely miss the jackal. The jackal bites you.
The jackal closely misses you.
You closely miss the jackal.
The jackal bites you but does no damage.
The jackal barks! x2
You hit the jackal.
The jackal is lightly wounded.
The jackal bites you.
You closely miss the jackal.
The jackal is lightly wounded.
The jackal bites you.
You barely miss the jackal. You bite the jackal, but do no damage.
The jackal is lightly wounded.
The jackal closely misses you. The jackal bites you.
* * * LOW HITPOINT WARNING * * *
You closely miss the jackal.
The jackal is lightly wounded.
The jackal barely misses you.
You hit the jackal. You punch the jackal, but do no damage.
The jackal is moderately wounded.
The jackal closely misses you.
You hit the jackal but do no damage.
The jackal is moderately wounded.
The jackal bites you.
* * * LOW HITPOINT WARNING * * *
The jackal bites you.
* * * LOW HITPOINT WARNING * * *
You barely miss the jackal. You bite the jackal, but do no damage.
The jackal is moderately wounded.
The jackal bites you.
You die...

### #.# #.# #.# #@# #h#
##########
####S###........#
#..Jhh..........#
###..rh...........#
.....?.............#####
.........###............#
...h.....# #.............
h..S.....# #.............


You could see an endoplasm, 4 jackals, a ball python and a rat.

Vanquished Creatures
  2 dart slugs (D:1)
  3 bats (D:1)
  3 endoplasms (D:1)
  3 goblins (D:1)
  3 hobgoblins (D:1)
  3 kobolds (D:1)
  4 rats (D:1)
21 creatures vanquished.

Notes
Turn   | Place    | Note
-------+----------+-------------------------------------------
     0 | D:1      | rumournova the Gnoll Wanderer began the quest for the Orb.
     0 | D:1      | rumournova set off with the following items: a +0 sling, 8
                  | boomerangs, a +0 dagger, a scroll of fear, a +0 robe; and
                  | the following spells available to memorise: Magic Dart,
                  | Shock, Iskenderun's Mystic Blast.
     0 | D:1      | Reached XP level 1. HP: 17/17 MP: 4/4
   108 | D:1      | Found a faded altar of an unknown god.
   126 | D:1      | Reached XP level 2. HP: 19/23 MP: 5/5
   127 | D:1      | Prayed at the altar of an unknown god.
   127 | D:1      | Became a worshipper of Ignis, the Dying Flame
   375 | D:1      | Got the Folio of Sidekicks
   476 | D:1      | Reached XP level 3. HP: 11/28 MP: 7/7
   602 | D:1      | Slain by a jackal

Illustrated notes

Levels and vault maps discovered:
D:1:      roderic_octagonal_star, layout_basic,
          hellmonk_ecumenical_altar_heavens_door

Action                     || total
---------------------------++-------
  Melee: Dagger            ||   110
         Bite              ||    15
         Punch             ||     3
    Use: Scroll            ||     1
   Stab: Sleeping          ||     2
 Armour: Robe              ||    39
  Dodge: Dodged            ||    90
